 Dungeon Crawl Stone Soup version 0.17-a0-1778-gd369669 (webtiles) character file.

9904 abixa the Grappler (level 11, -5/101 HPs)
             Began as a Ghoul Monk on Sept 8, 2015.
             Was an Elder of Makhleb.
             Slain by a yak (13 damage)
             ... on level 1 of the Lair of Beasts.
             The game lasted 00:48:46 (9454 turns).

abixa the Grappler (Ghoul Monk)                     Turns: 9454, Time: 00:48:46

Health: -5/101     AC:  8    Str: 16    XL:     11   Next: 53%
Magic:  10/10      EV: 15    Int:  8    God:    Makhleb [****..]
Gold:   154        SH: 11    Dex: 22    Spells: 0 memorised, 10 levels left

rFire  + . .     SeeInvis .       - Unarmed
rCold  + . .     Clarity  .     h - +0 leather armour of Juosas {rElec rF+ Dex+3 Stlth+} (curse)
rNeg   + + +     SustAt   .     R - +0 large shield
rPois  ∞         Gourm    .     U - +2 helmet {Int+3}
rElec  +         Spirit   .     K - +1 cloak
rCorr  .         Warding  .     (no gloves)
rMut   .         Stasis   .     (no boots)
MR     .....                    (no amulet)
Stlth  ++++......               o - ring of stealth
                                x - +5 ring of dexterity

@: rotting, not resistant to hostile enchantments, stealthy
A: rotting body, claws 1, carnivore 3, cold resistance 1, negative energy
resistance 3, slow healing 1, torment resistance, unbreathing
a: Minor Destruction, Lesser Servant of Makhleb, Major Destruction, Renounce
Religion


You were on level 1 of the Lair of Beasts.
You worshipped Makhleb.
Makhleb was greatly pleased with you.
You were not hungry.

You visited 3 branches of the dungeon, and saw 12 of its levels.
You also visited: Sewer.

You collected 657 gold pieces.
You spent 503 gold pieces at shops.

Inventory:

Hand weapons
 b - a +0 blowgun
 w - a +1 hunting sling of freezing
Missiles
 e - 12 sling bullets of flame
 l - 175 sling bullets
 n - 21 bolts of flame
 q - 12 bolts of frost
 t - 56 bolts
 y - 13 tomahawks (quivered)
 L - 51 poisoned needles
Armour
 h - the cursed +0 leather armour of Juosas (worn) {rElec rF+ Dex+3 Stlth+}
   (You found it on level 1 of the Lair of Beasts)

   It affects your dexterity (+3).
   It protects you from fire.
   It insulates you from electricity.
   It makes you more stealthy.
   It has a curse placed upon it.
 K - a +1 cloak (worn)
 R - a +0 large shield (worn)
 T - the +0 ring mail "Afua" {MR++ Str+4 Int-5 SInv}
   (You bought it in a shop on level 7 of the Dungeon)

   It affects your strength (+4).
   It affects your intelligence (-5).
   It affects your resistance to hostile enchantments.
   It lets you see invisible.
 U - a +2 helmet of intelligence (worn)
Jewellery
 o - a ring of stealth (right claw)
 x - a +5 ring of dexterity (left claw)
 G - an uncursed ring of ice
 N - an uncursed ring of protection from cold
 V - an uncursed ring of teleportation
Magical devices
 c - a wand of paralysis (7)
 I - a wand of fireball (4)
 X - a wand of cold (1)
Scrolls
 i - 2 scrolls of fear
 j - 2 scrolls of identify
 m - a scroll of fog {unknown}
 s - 3 scrolls of remove curse
 v - 4 scrolls of magic mapping
 C - a scroll of teleportation {unknown}
 Q - a scroll of enchant armour {unknown}
 W - a scroll of vulnerability {unknown}
Potions
 a - 4 potions of flight
 d - a potion of invisibility {unknown}
 g - a potion of mutation {unknown}
 k - a potion of lignification {unknown}
 p - a potion of cancellation {unknown}
 r - a potion of haste {unknown}
 u - 2 potions of might {unknown}
 A - a potion of agility {unknown}
 H - 4 potions of heal wounds
 P - 4 potions of curing
 S - a potion of cure mutation {unknown}
 Y - a potion of ambrosia {unknown}
Comestibles
 z - 3 beef jerkies


   Skills:
 + Level 10.5 Fighting
 - Level 4.3 Armour
 + Level 9.0 Dodging
 - Level 2.1 Stealth
 * Level 12.6 Unarmed Combat


You had 10 spell levels left.
You didn't know any spells.

Dungeon Overview and Level Annotations

Branches:
Dungeon (10/15)            Temple (1/1) D:6            Lair (1/8) D:10
    Orc: D:9-12

Altars:
Ashenzari
Cheibriados
Dithmenos
Elyvilon
Fedhas
Gozag
Kikubaaqudgha
Makhleb
Nemelex Xobeh
Okawaru
Qazlal
Ru
Sif Muna
Trog
Vehumet
Xom
Yredelemnul
Zin
The Shining One

Shops:
D:7 [   D:8 ?   D:9 *

Annotations:
D:8 exclusion: upstairs
Lair:1 Gastronok


Innate Abilities, Weirdness & Mutations

Your body is rotting away.
You thrive on raw meat.
You are immune to poison.
You have sharp fingernails.
You are carnivorous and can eat meat at any time.
Your flesh is cold resistant.
You are immune to negative energy.
You heal slowly when monsters are visible.
You are immune to unholy pain and torment.
You can survive without breathing.


Message History

Gastronok waves his eye-stalks in wide circles.
The air twists around and strikes you!
* * * LOW HITPOINT WARNING * * *
You scratch the yak.
The yak is severely wounded.
You block the yak's attack.
There is a staircase back to the Dungeon here.
Items here: % : = ????? [[ You closely miss the yak.
The yak is heavily wounded.
The yak gores you!
* * * LOW HITPOINT WARNING * * *
You scratch the yak but do no damage.
The yak is heavily wounded.
The yak gores you!
* * * LOW HITPOINT WARNING * * *
You claw the yak!
The yak is almost dead.
The yak gores you!
You die...

#.....................[.
#..................#.##
#...####.##........+...
#...P# ####............
#....######........+...
#...##...##........#...
#...................###
#.......####...........
#....@..#..#.......####
#....Y.....#.......#
#..>....#..........#
##.......+..........#
#........+..#.......##
##........###.......P#
#..................#
#..........%.......#
#..................##


You could see a yak.

Vanquished Creatures
  The ghost of PeterLawrence the Basher, an experienced MiFi of Okawaru (D:8)
  Nergalle (D:10)
  Pikel (D:7)
  2 black mambas (Lair:1)
  Joseph (Lair:1)
  Psyche (D:9)
  A spiny frog (Lair:1)
  A komodo dragon (Lair:1)
  A troll (D:9)
  Grinder (D:6)
  A two-headed ogre (D:8)
  Prince Ribbit (D:6)
  5 yaks (Lair:1)
  2 hungry ghosts
  5 hippogriffs
  2 porcupines (Lair:1)
  A necrophage (D:7)
  3 wargs (D:10)
  An orc warrior (D:6)
  3 ice beasts
  3 ogres
  A black bear (D:8)
  2 sky beasts
  2 big kobolds
  4 phantoms
  A crocodile (Lair:1)
  5 giant frogs
  A wyvern zombie (D:7)
  8 wights
  A crimson imp (D:6)
  4 hounds
  A centaur zombie (D:9)
  A gnoll shaman (D:10)
  A jelly (D:5)
  2 giant frog skeletons
  3 orc wizards
  A centaur skeleton (D:8)
  2 iguanas
  3 orc priests
  4 sheep (Lair:1)
  6 worker ants
  A killer bee zombie (D:9)
  A hound zombie (D:4)
  2 hound skeletons
  A mummy (D:9)
  9 gnolls
  19 adders
  3 river rats (Sewer)
  A shadow imp (D:10)
  2 worms (D:2)
  9 giant geckos
  20 orcs
  A ball python (D:5)
  6 bats
  6 giant cockroaches
  31 goblins
  30 hobgoblins
  6 giant newts
  7 jackals
  10 kobolds
  3 quokkas
  2 quokka skeletons
  7 rats
268 creatures vanquished.

Notes
Turn   | Place    | Note
--------------------------------------------------------------
     0 | D:1      | abixa the Ghoul Monk began the quest for the Orb.
     0 | D:1      | Reached XP level 1. HP: 19/19 MP: 0/0
   137 | D:1      | Reached XP level 2. HP: 19/26 MP: 1/1
   242 | D:1      | Reached skill level 5 in Unarmed Combat
   623 | D:1      | Reached XP level 3. HP: 26/29 MP: 2/2
   972 | D:2      | Reached skill level 6 in Unarmed Combat
   972 | D:2      | Reached XP level 4. HP: 23/38 MP: 3/3
  1165 | D:2      | Found a sacrificial altar of Ru.
  1848 | D:3      | Reached XP level 5. HP: 41/45 MP: 4/4
  1968 | D:3      | Reached skill level 7 in Unarmed Combat
  2294 | D:4      | Found an opulent altar of Gozag.
  2439 | D:4      | Noticed a phantom
  2473 | D:4      | Killed a phantom
  2473 | D:4      | Reached XP level 6. HP: 48/52 MP: 5/5
  2483 | D:4      | Noticed a phantom
  2526 | D:4      | Killed a phantom
  2880 | D:4      | Found a sparkling altar of Nemelex Xobeh.
  3060 | D:5      | Entered Level 5 of the Dungeon
  3135 | D:5      | Found a shimmering altar of Xom.
  3320 | D:5      | Reached XP level 7. HP: 59/59 MP: 6/6
  3397 | D:5      | Reached skill level 5 in Fighting
  3455 | D:5      | Reached skill level 8 in Unarmed Combat
  4141 | D:5      | Found a bloodstained altar of Trog.
  4249 | D:5      | Reached XP level 8. HP: 62/69 MP: 7/7
  4364 | D:6      | Found a staircase to the Ecumenical Temple.
  4373 | Temple   | Entered the Ecumenical Temple
  4435 | D:6      | Found a glowing drain.
  4468 | Sewer    | Entered a sewer
  4596 | Sewer    | Found a white marble altar of Elyvilon.
  4748 | D:6      | Noticed Prince Ribbit
  4811 | D:6      | Killed Prince Ribbit
  4811 | D:6      | Reached skill level 5 in Dodging
  4836 | D:6      | Found a stormy altar of Qazlal.
  4897 | D:6      | Reached skill level 9 in Unarmed Combat
  4964 | D:6      | Noticed Grinder
  5086 | D:6      | Killed Grinder
  5086 | D:6      | Reached XP level 9. HP: 66/78 MP: 8/8
  5253 | D:6      | Reached skill level 1 in Armour
  5347 | D:6      | Found a burning altar of Makhleb.
  5353 | D:6      | Became a worshipper of Makhleb the Destroyer
  5353 | D:6      | Acquired Makhleb's first power
  5353 | D:6      | Acquired Makhleb's second power
  5473 | D:7      | Found a stormy altar of Qazlal.
  5545 | D:7      | Found Siasas's Antique Armour Shoppe.
  5548 | D:7      | Bought a scorched ring mail for 252 gold pieces
  5548 | D:7      | Bought a shiny helmet for 126 gold pieces
  5558 | D:7      | Identified the +0 ring mail "Afua" {MR++ Str+4 Int-5 SInv} (You bought it in a shop on level 7 of the Dungeon)
  5558 | D:7      | Lost intelligence.
  5618 | D:7      | Noticed Pikel
  5670 | D:7      | Killed Pikel
  5670 | D:7      | Reached skill level 10 in Unarmed Combat
  6262 | D:8      | Noticed PeterLawrence's ghost (experienced MiFi)
  6363 | D:8      | Reached XP level 10. HP: 89/89 MP: 9/9
  6441 | D:8      | Killed PeterLawrence's ghost
  6668 | D:8      | Found Oroketicao's Magic Scroll Shop.
  6673 | D:8      | Bought a scroll of identify for 22 gold pieces
  6673 | D:8      | Bought a scroll of identify for 22 gold pieces
  6673 | D:8      | Bought a scroll of random uselessness for 11 gold pieces
  7288 | D:7      | Found a white marble altar of Elyvilon.
  7411 | D:9      | Found a snail-covered altar of Cheibriados.
  7412 | D:9      | Noticed Psyche
  7422 | D:9      | Killed Psyche
  7422 | D:9      | Reached skill level 11 in Unarmed Combat
  7567 | D:9      | Acquired Makhleb's third power
  7609 | D:9      | Found an iron altar of Okawaru.
  7610 | D:9      | Found a deep blue altar of Sif Muna.
  7610 | D:9      | Found a shadowy altar of Dithmenos.
  7623 | D:9      | Found a shimmering altar of Xom.
  7729 | D:9      | Found Cinenarr's General Store.
  7735 | D:9      | Bought a scroll of identify for 28 gold pieces
  7735 | D:9      | Bought a scroll of identify for 28 gold pieces
  7735 | D:9      | Bought a potion of degeneration for 14 gold pieces
  7996 | D:10     | Entered Level 10 of the Dungeon
  8126 | D:10     | Found an opulent altar of Gozag.
  8128 | D:10     | Found a staircase to the Lair.
  8164 | D:10     | Noticed Nergalle
  8176 | D:10     | Killed Nergalle
  8176 | D:10     | Reached skill level 10 in Fighting
  8176 | D:10     | Reached XP level 11. HP: 98/98 MP: 10/10
  8527 | D:10     | Acquired Makhleb's fourth power
  8664 | Lair:1   | Entered Level 1 of the Lair of Beasts
  8803 | Lair:1   | Got a jet-encrusted leather armour
  8814 | Lair:1   | Identified the cursed +0 leather armour of Juosas {rElec rF+ Dex+3 Stlth+} (You found it on level 1 of the Lair of Beasts)
  8967 | Lair:1   | Reached skill level 12 in Unarmed Combat
  8977 | Lair:1   | Noticed Joseph
  8990 | Lair:1   | Killed Joseph
  9376 | Lair:1   | Noticed Gastronok
  9454 | Lair:1   | Slain by a yak

Vault maps used:
D:1:      elethiomel_arrival_shortcut
D:2:      nicolae_ru_sacrificial_ziggurat
D:4:      grunt_gozag_breadcrumbs, nemelex_altar_shiori
D:5:      minmay_goblin_kobold_castle, lemuel_round_altar, basic_altar,
          first_bread
D:6:      makhleb_heckhound_becter, minmay_temple_entry_statues_fountains,
          portal_sewer_entry_f, grunt_qazlal_clouds, uniq_prince_ribbit1,
          uniq_grinder
D:7:      old_standard_altar, nicolae_overflow_hidden_temple, serial_shops,
          kennysheep_mini, uniq_pikel
D:8:      serial_shops, shop
D:9:      slow_altar_2, nicolae_overflow_quartered_altars, serial_shops, shop,
          uniq_psyche
D:10:     erik_lair_orcish_takeover, basic_altar, uniq_nergalle
Temple:   minmay_temple_bridge_a_8
Lair:1:   lemuel_fruit_tree, uniq_joseph, uniq_gastronok
Sewer:    sewer_kobolds

Action                   |  1- 3 |  4- 6 |  7- 9 | 10-12 || total
-------------------------+-------+-------+-------+-------++-------
Melee: Unarmed           |    66 |   141 |   341 |   380 ||   928
 Fire: Blowgun           |       |       |    17 |     5 ||    22
       Hunting sling     |       |       |       |     2 ||     2
Throw: Stone             |       |       |       |     1 ||     1
Evoke: Wand              |       |       |    11 |     5 ||    16
  Use: Scroll            |       |       |     3 |    10 ||    13
       Potion            |       |       |     1 |       ||     1
 Stab: Sleeping          |     3 |       |     2 |     3 ||     8
       Paralysed         |       |       |       |     4 ||     4
  Eat: Chunk             |     4 |     9 |    27 |    35 ||    75
